 Dungeon Crawl Stone Soup version 0.31-a0-559-g03b8d61ab2 (webtiles) character file.

Game seed: 14840147270264081509

92413 IndexError the Warrior (level 16, -15/128 HPs)
             Began as a Djinni Conjurer on Aug 15, 2023.
             Was the Champion of Cheibriados.
             Demolished by a spriggan rider
             ... wielding a +0 spear
              (17 damage)
             ... on level 3 of the Swamp on Aug 17, 2023.
             The game lasted 01:46:19 (30661 turns).

IndexError the Warrior (Djinni Conjurer)           Turns: 30661, Time: 01:46:19

Health: -15/128    AC: 15    Str: 26    XL:     16   Next: 53%
Gold:   226        EV: 18    Int: 40    God:    Cheibriados [******] SH: 22 Dex: 28

rFire   + . .        z - staff "Latigg" {Fly rF- rC+++ Int-4 Earth}
rCold   + + +        Z - +2 tower shield
rNeg    . . .        O - +1 ring mail of Gyehihiu {Will++ Regen+ Str+3 Int-4}
rPois   ∞            A - +2 helmet {SInv}
rElec   .            N - +2 cloak
rCorr   .            L - +2 pair of gloves
SInv    +            (boots unavailable)
Will    +++..        (no amulet)
Stlth   ++           F - +6 ring of intelligence
HPRegen 1.21/turn    Q - ring "Ahailaib" {Fly rC+ Str+2 SInv}
MPRegen 0.00/turn

%: infuse magic (-16 HP)
@: flying, very slow
A: sickness immunity, fire resistance 2, cold vulnerability 1, float, innate
caster, HP casting, extra vitality 1, large bone plates 1
a: Renounce Religion, Bend Time, Temporal Distortion, Slouch, Step From Time


You were on level 3 of the Swamp.
You worshipped Cheibriados.
Cheibriados was exalted by your worship.
You visited 5 branches of the dungeon, and saw 24 of its levels.
You also visited: Bailey and Gauntlet.

You collected 2865 gold pieces.
You spent 2639 gold pieces at shops.

Inventory:

Hand Weapons
 o - the +8 broad axe of Qobo {pain, rElec Will+ Str+5 Dex-4}
   (You bought it in a shop on level 13 of the Dungeon)

   Str+5:     It affects your strength (+5).
   Dex-4:     It affects your dexterity (-4).
   rElec:     It insulates you from electricity.
   Will+:     It increases your willpower.
Missiles
 v - 4 throwing nets {=f, !d}
 x - 14 curare-tipped darts
 D - 11 javelins
 I - 2 atropa-tipped darts
Armour
 h - an orb of energy
   (You found it on level 2 of the Dungeon)
 A - a +2 helmet of see invisible (worn)
   (You found it in a Gauntlet)
 L - a +2 pair of gloves (worn)
   (You found it on level 2 of the Lair of Beasts)
 M - a scarf of invisibility
   (You found it on level 3 of the Lair of Beasts)
 N - a +2 cloak (worn)
   (You found it on level 3 of the Lair of Beasts)
 O - the +1 ring mail of Gyehihiu (worn) {Will++ Regen+ Str+3 Int-4}
   (You bought it in a shop on level 10 of the Dungeon)

   Str+3:     It affects your strength (+3).
   Int-4:     It affects your intelligence (-4).
   Will++:    It greatly increases your willpower.
   Regen+:    It increases your rate of health regeneration.
 Z - a +2 tower shield (worn)
   (You took it off Louise on level 2 of the Swamp)
Magical Staves
 p - a staff of conjuration {!a}
   (You found it on level 1 of the Swamp)
 z - the staff "Latigg" (weapon) {Fly rF- rC+++ Int-4 Earth}
   (You found it on level 5 of the Dungeon)

   [staff of earth]

   Base accuracy: +5 Base damage: 5 Base attack delay: 1.2 This weapon's minimum
   attack delay (0.6) is reached at skill level 12.
   Int-4:     It affects your intelligence (-4).
   rF-:       It makes you vulnerable to fire.
   rC+++:     It renders you almost immune to cold.
   Fly:       It grants you flight.
   Earth:     It increases the power of your Earth spells.
   It falls into the 'Staves' category.
   It is a one-handed weapon.
 C - a staff of cold {rC+}
   (You found it on level 1 of the Swamp)
Jewellery
 a - a ring of fire {rF+, rC-}
   (You found it on level 11 of the Dungeon)
 j - a ring of willpower
   (You found it on level 5 of the Lair of Beasts)
 F - a +6 ring of intelligence (left hand)
   (You found it on level 6 of the Dungeon)
 Q - the ring "Ahailaib" (right hand) {Fly rC+ Str+2 SInv}
   (You found it in a Gauntlet)

   [ring of flight]

   Str+2:     It affects your strength (+2).
   rC+:       It protects you from cold.
   SInv:      It lets you see invisible.
   Fly:       It grants you flight.
Wands
 s - a wand of iceblast (52)
   (You found it on level 4 of the Dungeon)
 u - a wand of polymorph (15)
   (You found it on level 5 of the Lair of Beasts)
 w - a wand of flame (47)
   (You took it off Ijyb on level 5 of the Dungeon)
 y - a wand of mindburst (14)
   (You found it on level 5 of the Dungeon)
 G - a wand of paralysis (20)
   (You found it on level 11 of the Dungeon)
 T - a wand of light (10)
   (You found it on level 5 of the Lair of Beasts)
Scrolls
 b - 3 scrolls of immolation {!r}
 d - 2 scrolls of vulnerability {!r!r}
 e - 3 scrolls of fog
 g - 4 scrolls of enchant weapon
 i - 5 scrolls of teleportation
 r - 4 scrolls of revelation
 J - 3 scrolls of fear
 V - 3 scrolls of blinking {!r}
 W - a scroll of butterflies
 X - 2 scrolls of identify
 Y - 2 scrolls of enchant armour
Potions
 c - 6 potions of attraction {!q}
 f - 5 potions of might
 k - a potion of lignification {!q}
 m - 4 potions of curing
 n - 6 potions of enlightenment
 q - a potion of mutation {!q}
 t - a potion of magic
 B - 2 potions of invisibility
 E - 5 potions of heal wounds
 H - a potion of brilliance
 K - 2 potions of resistance
 P - 3 potions of ambrosia
Miscellaneous
 R - a phial of floods
   (You found it in a Gauntlet)
 S - a box of beasts
   (You found it in a Gauntlet)
 U - a tin of tremorstones (2/2)
   (You found it in a Gauntlet)


   Skills:
 - Level 16.0 Fighting
 - Level 12.0 Staves
 - Level 2.5 Armour
 - Level 10.0 Dodging
 - Level 1.5 Stealth
 + Level 3.1 Shields
 - Level 11.1 Spellcasting
 - Level 11.1 Conjurations
 - Level 11.1 Hexes
 - Level 11.1 Summonings
 - Level 11.1 Necromancy
 - Level 11.1 Translocations
 - Level 11.1 Transmutations
 - Level 11.1 Fire Magic
 - Level 11.1 Ice Magic
 - Level 11.1 Air Magic
 - Level 11.1 Earth Magic
 - Level 11.1 Poison Magic
 - Level 10.0 Invocations
 - Level 2.5 Evocations


You knew the following spells:

 Your Spells              Type           Power      Damage    Failure   Level
a - Magic Dart            Conj           100%       1d8       1%          1
b - Searing Ray           Conj           100%       2d8       1%          2
c - Dazzling Flash        Conj/Hex       100%       N/A       1%          3
d - Fulminant Prism       Conj/Hex       42%        3d19      1%          4
e - Blink                 Tloc           100%       N/A       1%          2
f - Call Canine Familiar  Summ           84%        N/A       1%          3
g - Mephitic Cloud        Conj/Pois/Air  84%        N/A       1%          3
h - Animate Armour        Summ/Erth      100%       N/A       1%          4
i - Irradiate             Conj/Tmut      42%        3d25      3%          5
j - Simulacrum            Ice/Necr       42%        N/A       19%         6
s - Slow                  Hex            100%       N/A       1%          1
x - Iskenderun's Mystic   Conj/Tloc      84%        2d17      1%          4
Your spell library was empty.

Dungeon Overview and Level Annotations

Branches:
Dungeon (13/15)            Temple (1/1) D:4            Lair (5/5) D:9
  Swamp (3/4) Lair:3        Snake (0/4) Lair:2        Slime (0/5) Lair:5
    Orc (2/2) D:12            Elf (0/3) Orc:2        Vaults (0/5) D:13
 Bailey (visited)         Gauntlet (visited)

Altars:
Ashenzari
Cheibriados
Dithmenos
Elyvilon
Fedhas
Gozag
Hepliaklqana
Makhleb
Nemelex Xobeh
Okawaru
Qazlal
Ru
Trog
Uskayaw
Wu Jian
Xom
Yredelemnul
Zin
The Shining One

Shops:
D:2 *   D:8 ?   D:10 *   D:12 ?   D:13 (!(*   Orc:2 :!(**

Annotations:
D:4 Edmund


Innate Abilities, Weirdness & Mutations

You are immune to sickness and miasma.
You are immune to poison.
Your flesh is very heat resistant. (rF++)
You are vulnerable to cold. (rC-)
You float through the air rather than walking.
You learn spells naturally, not from books.
Your magical power is your life essence.
You have superior vitality. (+4 MHP)
You are partially covered in large bone plates. (SH +4)


Message History

The spriggan rider shouts!
A spriggan rider comes into view. It is wielding a +0 spear.
The spriggan druid gestures at you while chanting.
The stone arrow hits you!!
You take 19 damage, and have 103/128 hp.
You miss the spriggan druid.
The spriggan rider shouts!
An alligator comes into view.
You block the spriggan druid's attack.
You hit the spriggan druid.
The alligator puts on a burst of speed!
You miss the spriggan druid. You block the spriggan druid's attack.
You hit the spriggan druid but do no damage.
You shatter the spriggan druid!
With its final breath, the spriggan druid offers up its power to the beasts of the wild!
The alligator seems to grow more fierce.
The seven-headed hydra seems to grow more fierce.
Cheibriados thoroughly appreciates the change of pace.
You hear a splash. x2
A swamp worm comes into view.
The spriggan rider hits you from afar with a +0 spear!!
A swamp dragon comes into view.
The seven-headed hydra closely misses you.
The seven-headed hydra bites you but does no damage.
You block the seven-headed hydra's attack. x3
The seven-headed hydra bites you! The seven-headed hydra misses you.
The spriggan rider hits you from afar with a +0 spear.
Your Shields skill increases to level 3!
You take 26 damage, and have 80/128 hp.
MASSIVE DAMAGE!!
You hit the seven-headed hydra.
You shatter the seven-headed hydra!
You block the spriggan rider's attack. The seven-headed hydra bites you!
You block the seven-headed hydra's attack.
The seven-headed hydra closely misses you.
The seven-headed hydra bites you!
The seven-headed hydra closely misses you.
The seven-headed hydra misses you. The seven-headed hydra bites you.
You block the spriggan rider's attack.
You take 26 damage, and have 54/128 hp.
MASSIVE DAMAGE!!
Casting: Irradiate (dangerous; 3% risk of failure)
Confirm with . or Enter, or press ? or * to list all spells.
You erupt in a blast of force!
The mystic blast hits the spriggan rider!!
The spriggan rider is knocked back by the mystic blast.
The mystic blast hits the spriggan rider!!
The spriggan rider is knocked back by the mystic blast.
The spriggan rider collides with the swamp worm!
The mystic blast hits the seven-headed hydra!
You block the seven-headed hydra's attack.
The seven-headed hydra bites you!
The seven-headed hydra closely misses you.
The seven-headed hydra barely misses you.
You block the seven-headed hydra's attack. x2
The seven-headed hydra bites you but does no damage.
The alligator bites you!!
* * * LOW HITPOINT WARNING * * *
The alligator tail-slaps you.
* * * LOW HITPOINT WARNING * * *
You take 47 damage, and have 7/128 hp.
MASSIVE DAMAGE!!
Casting: Iskenderun's Mystic Blast (mildly dangerous; 1% risk of failure)
Confirm with . or Enter, or press ? or * to list all spells.
You erupt in a blast of force!
The mystic blast hits the seven-headed hydra!
The mystic blast hits the alligator!!
The alligator is knocked back by the mystic blast.
* * * LOW HITPOINT WARNING * * *
You hear a chilling moan.
You block the seven-headed hydra's attack. x2
The seven-headed hydra barely misses you.
The seven-headed hydra closely misses you. x2
The seven-headed hydra misses you.
You block the seven-headed hydra's attack.
You take 3 damage, and have 4/128 hp.
Casting: Iskenderun's Mystic Blast (mildly dangerous; 1% risk of failure)
Confirm with . or Enter, or press ? or * to list all spells.
You don't have enough health to cast this spell.
Okay, then.
You feel much better.
The swamp worm fires a harpoon shot at you.
You block the harpoon shot. You block the alligator's attack.
The alligator misses you.
The seven-headed hydra completely misses you.
You block the seven-headed hydra's attack.
The seven-headed hydra completely misses you.
The seven-headed hydra barely misses you.
The seven-headed hydra closely misses you.
The seven-headed hydra bites you!!
* * * LOW HITPOINT WARNING * * *
The seven-headed hydra bites you but does no damage.
The spriggan rider misses you.
You take 1 damage, and have 3/128 hp.
You feel much better. You block the alligator's attack.
The alligator completely misses you. The seven-headed hydra bites you!
* * * LOW HITPOINT WARNING * * *
You block the seven-headed hydra's attack. x2
The seven-headed hydra misses you.
The seven-headed hydra bites you but does no damage.
The seven-headed hydra completely misses you. x2
The spriggan rider hits you from afar with a +0 spear!
* * * LOW HITPOINT WARNING * * *
The spriggan rider hits you from afar with a +0 spear!
You die...

♣..~~~~~..~. ~
.!~~~~~...♣
$~♣♣.~§~~..~~♣
.~~~~~~~..~.~
~~~~~~~~~.~~
.~~~~~~D.~♣
..~~w~.Dt♣
.)~..i.@♣
♣♣♣..i.♣♣
~~~.~.~
~~...♣~
~~.♣♣~. $. ~~
~ ~~~ ...


You could see an alligator (strong, swift), a seven-headed hydra (strong), a
swamp dragon (strong), 2 spriggan riders and a swamp worm.

Vanquished Creatures
  Kirke (Lair:3)
  Louise (Swamp:2)
  2 ghouls (Swamp:3)
  3 eleionomae
  A bunyip (Swamp:1)
  A minotaur (Gauntlet)
  Josephine (Lair:4)
  A fire dragon (Lair:1)
  Harold (Lair:2)
  A rakshasa (D:12)
  8 hydras
  2 catoblepae
  3 boulder beetles
  A ghost crab (Lair:3)
  6 alligators
  A deep troll shaman (Lair:5)
  A two-headed ogre (D:8)
  2 death yaks (Lair:5)
  A tengu warrior (D:13)
  2 orc high priests
  A skyshark (Lair:2)
  Sonja (Lair:5)
  Amaemon (D:9)
  A swamp dragon (Swamp:2)
  3 goliath frogs
  2 spriggan druids
  An orc knight (Bailey)
  A necromancer (Lair:3)
  6 cyclopes
  2 ugly things (D:12)
  A deep elf zephyrmancer (Bailey)
  A spectral boulder beetle (Lair:3)
  7 orc sorcerers
  A manticore (D:11)
  2 will-o-the-wisps
  11 elephants
  7 black mambas
  An orange demon (D:9)
  A gargoyle (D:13)
  A torpor snail (Lair:2)
  9 cane toads
  Maggie (D:6)
  A kobold demonologist (D:13)
  3 rime drakes
  An unseen horror (D:12)
  13 komodo dragons
  An efreet (D:13)
  An ice devil (Gauntlet)
  6 trolls
  11 blink frogs
  2 polar bears
  2 tyrant leeches
  2 hornets
  2 spectral elephants (Lair:3)
  A spectral black mamba (Lair:3)
  2 spriggans
  9 shadows
  4 wraiths (Lair:4)
  2 basilisks
  3 ynoxinuls (D:12)
  36 yaks
  3 wyverns
  3 hogs (Lair:3)
  Grum (D:11)
  2 steam dragons
  A spectral komodo dragon (Lair:3)
  11 vampire mosquitoes
  A spectral fire crab (Lair:3)
  3 wargs
  Menkaure (D:7)
  4 swamp worms
  5 nagas (Lair:2)
  15 water moccasins
  A spectral blink frog (Lair:3)
  An ice beast (D:7)
  27 orc warriors
  6 black bears
  A meliai simulacrum (D:13)
  7 ogres
  21 wolves
  2 centaurs
  2 kobold brigands
  A phantom (D:5)
  Blork the orc (D:5)
  2 gnoll sergeants
  10 bullfrogs
  2 necrophages (Swamp:3)
  10 scorpions
  7 wights
  12 killer bees
  5 electric eels
  5 howler monkeys
  2 jellies (D:6)
  7 hounds
  21 orc priests
  Ijyb (D:5)
  A sleepcap (D:7)
  12 iguanas
  40 orc wizards
  4 polar bear simulacra (Lair:3)
  2 yak simulacra (Lair:3)
  2 wolf simulacra (Lair:3)
  8 gnolls
  10 adders
  4 white imps
  6 ufetubi (D:12)
  A worm (D:2)
  A dart slug (D:2)
  100 orcs
  6 ball pythons
  16 bats
  6 endoplasms
  2 giant cockroaches (D:2)
  9 goblins
  2 hobgoblins (D:4)
  20 kobolds
  2 quokkas
  A frilled lizard (D:1)
  3 rats
  3 river rat simulacra (Lair:3)
  A butterfly (Lair:4)
670 creatures vanquished.

Vanquished Creatures (collateral kills)
  2 death yaks (Lair:5)
  A boulder beetle (D:12)
  A cyclops (D:13)
  A manticore (D:12)
  4 elephants (Lair:5)
  A gargoyle (D:12)
  A komodo dragon (Lair:5)
  A troll (D:13)
  A shadow (D:9)
  2 wraiths
  3 yaks (D:12)
  2 steam dragons
  2 water moccasins (Lair:5)
  7 orc warriors
  A black bear (D:9)
  An ogre (Orc:2)
  2 centaurs (D:10)
  4 wolves (Lair:5)
  2 kobold brigands (D:8)
  A bullfrog (D:9)
  2 killer bees
  4 jellies (Lair:5)
  3 orc priests (Orc:2)
  3 orc wizards
  An ufetubus (D:12)
  12 orcs
  An endoplasm (Lair:5)
  4 kobolds (D:8)
70 creatures vanquished.

Vanquished Creatures (others)
  A death yak (Lair:5)
  An orc (Orc:2)
  6 foxfires
  45 fulminant prisms
53 creatures vanquished.

Grand Total: 793 creatures vanquished

Notes
Turn   | Place    | Note
-------+----------+-------------------------------------------
     0 | D:1      | IndexError the Djinni Conjurer began the quest for the Orb.
     0 | D:1      | IndexError set off with the following spells memorised:
                  | Magic Dart, Searing Ray, Dazzling Flash, Fulminant Prism,
                  | Iskenderun's Mystic Blast.
     0 | D:1      | Reached XP level 1. HP: 15/15 MP: 0/0
    82 | D:1      | You are sucked into a shaft and drop 1 floor!
   137 | D:1      | Reached XP level 2. HP: 20/22 MP: 0/0
   358 | D:1      | Reached skill level 1 in Fighting
   851 | D:2      | Reached XP level 3. HP: 24/27 MP: 0/0
   851 | D:2      | Learned a level 1 spell: Slow
   899 | D:2      | Found a faded altar of an unknown god.
   916 | D:2      | Reached skill level 4 in Spellcasting
   916 | D:2      | Reached skill level 4 in Conjurations
   916 | D:2      | Reached skill level 4 in Hexes
   916 | D:2      | Reached skill level 4 in Summonings
   916 | D:2      | Reached skill level 4 in Necromancy
   916 | D:2      | Reached skill level 4 in Translocations
   916 | D:2      | Reached skill level 4 in Transmutations
   916 | D:2      | Reached skill level 4 in Fire Magic
   916 | D:2      | Reached skill level 4 in Ice Magic
   916 | D:2      | Reached skill level 4 in Air Magic
   916 | D:2      | Reached skill level 4 in Earth Magic
   916 | D:2      | Reached skill level 4 in Poison Magic
  1293 | D:2      | Found Fievva's Assorted Antiques.
  1363 | D:2      | Reached XP level 4. HP: 30/32 MP: 0/0
  1851 | D:3      | Reached skill level 2 in Fighting
  1860 | D:3      | Reached XP level 5. HP: 25/38 MP: 0/0
  1860 | D:3      | Learned a level 2 spell: Blink
  2518 | D:4      | Noticed Edmund
  2595 | D:4      | Found a staircase to the Ecumenical Temple.
  2641 | D:4      | Reached XP level 6. HP: 39/45 MP: 0/0
  2657 | Temple   | Entered the Ecumenical Temple
  2728 | Temple   | Became a worshipper of Cheibriados the Contemplative
  2825 | D:4      | Reached skill level 3 in Fighting
  2825 | D:4      | Reached skill level 5 in Spellcasting
  2825 | D:4      | Reached skill level 5 in Conjurations
  2825 | D:4      | Reached skill level 5 in Hexes
  2825 | D:4      | Reached skill level 5 in Summonings
  2825 | D:4      | Reached skill level 5 in Necromancy
  2825 | D:4      | Reached skill level 5 in Translocations
  2825 | D:4      | Reached skill level 5 in Transmutations
  2825 | D:4      | Reached skill level 5 in Fire Magic
  2825 | D:4      | Reached skill level 5 in Ice Magic
  2825 | D:4      | Reached skill level 5 in Air Magic
  2825 | D:4      | Reached skill level 5 in Earth Magic
  2825 | D:4      | Reached skill level 5 in Poison Magic
  2844 | D:4      | Found a shadowy altar of Dithmenos.
  3267 | D:4      | Found a hazy altar of Hepliaklqana.
  3306 | D:4      | Found a glowing silver altar of Zin.
  3468 | D:5      | Entered Level 5 of the Dungeon
  3580 | D:5      | Noticed Ijyb
  3592 | D:5      | Killed Ijyb
  3703 | D:5      | Reached XP level 7. HP: 36/50 MP: 0/0
  3703 | D:5      | Learned a level 3 spell: Call Canine Familiar
  3999 | D:5      | Reached * piety under Cheibriados
  4004 | D:5      | HP: 12/51 [centaur/arrow (9)]
  4006 | D:5      | Reached skill level 4 in Fighting
  4257 | D:5      | Identified the staff "Latigg" {Fly rF- rC+++ Int-4 Earth}
  4281 | D:5      | Reached skill level 6 in Spellcasting
  4281 | D:5      | Reached skill level 6 in Conjurations
  4281 | D:5      | Reached skill level 6 in Hexes
  4281 | D:5      | Reached skill level 6 in Summonings
  4281 | D:5      | Reached skill level 6 in Necromancy
  4281 | D:5      | Reached skill level 6 in Translocations
  4281 | D:5      | Reached skill level 6 in Transmutations
  4281 | D:5      | Reached skill level 6 in Fire Magic
  4281 | D:5      | Reached skill level 6 in Ice Magic
  4281 | D:5      | Reached skill level 6 in Air Magic
  4281 | D:5      | Reached skill level 6 in Earth Magic
  4281 | D:5      | Reached skill level 6 in Poison Magic
  4335 | D:5      | Reached XP level 8. HP: 48/58 MP: 0/0
  4459 | D:5      | Noticed Blork the orc
  4464 | D:5      | Killed Blork the orc
  4465 | D:5      | Reached skill level 5 in Fighting
  4719 | D:5      | Reached skill level 7 in Spellcasting
  4719 | D:5      | Reached skill level 7 in Conjurations
  4719 | D:5      | Reached skill level 7 in Hexes
  4719 | D:5      | Reached skill level 7 in Summonings
  4719 | D:5      | Reached skill level 7 in Necromancy
  4719 | D:5      | Reached skill level 7 in Translocations
  4719 | D:5      | Reached skill level 7 in Transmutations
  4719 | D:5      | Reached skill level 7 in Fire Magic
  4719 | D:5      | Reached skill level 7 in Ice Magic
  4719 | D:5      | Reached skill level 7 in Air Magic
  4719 | D:5      | Reached skill level 7 in Earth Magic
  4719 | D:5      | Reached skill level 7 in Poison Magic
  4720 | D:5      | Reached ** piety under Cheibriados
  5127 | D:5      | Reached XP level 9. HP: 54/66 MP: 0/0
  5127 | D:5      | Learned a level 3 spell: Mephitic Cloud
  5264 | D:6      | Noticed Maggie
  5456 | D:6      | Reached skill level 6 in Fighting
  5735 | D:7      | Noticed Menkaure
  5746 | D:7      | Killed Menkaure
  5960 | D:7      | Reached skill level 8 in Spellcasting
  5960 | D:7      | Reached skill level 8 in Conjurations
  5960 | D:7      | Reached skill level 8 in Hexes
  5960 | D:7      | Reached skill level 8 in Summonings
  5960 | D:7      | Reached skill level 8 in Necromancy
  5960 | D:7      | Reached skill level 8 in Translocations
  5960 | D:7      | Reached skill level 8 in Transmutations
  5960 | D:7      | Reached skill level 8 in Fire Magic
  5960 | D:7      | Reached skill level 8 in Ice Magic
  5960 | D:7      | Reached skill level 8 in Air Magic
  5960 | D:7      | Reached skill level 8 in Earth Magic
  5960 | D:7      | Reached skill level 8 in Poison Magic
  6344 | D:7      | Reached *** piety under Cheibriados
  6379 | D:7      | Reached skill level 7 in Fighting
  6399 | D:7      | Reached skill level 3 in Dodging
  6883 | D:8      | Reached skill level 4 in Dodging
  7105 | D:8      | Reached XP level 10. HP: 68/76 MP: 0/0
  7208 | D:8      | Reached skill level 8 in Fighting
  7208 | D:8      | Reached skill level 5 in Dodging
  7235 | D:8      | Reached **** piety under Cheibriados
  7404 | D:8      | Found a basalt altar of Yredelemnul.
  7549 | D:8      | Found the +11 Singing Sword {sonic wave}
  7557 | D:8      | Reached skill level 6 in Dodging
  7700 | D:8      | Found a sparkling altar of Nemelex Xobeh.
  7701 | D:8      | Found a sacrificial altar of Ru.
  7702 | D:8      | Found a broken altar of Ashenzari.
  7801 | D:8      | Found Kofeu's Magic Scroll Boutique.
  7808 | D:8      | Bought a scroll of identify for 24 gold pieces
  7808 | D:8      | Bought a scroll of identify for 24 gold pieces
  7897 | D:8      | Noticed a two-headed ogre
  7906 | D:8      | Killed a two-headed ogre
  7907 | D:8      | Reached skill level 9 in Fighting
  8193 | D:8      | Reached skill level 7 in Dodging
  9087 | D:6      | Killed Maggie
  9522 | D:9      | Noticed Amaemon
  9522 | D:9      | Noticed an orange demon
  9531 | D:9      | Killed an orange demon
  9531 | D:9      | Killed Amaemon
  9532 | D:9      | Reached skill level 10 in Fighting
  9532 | D:9      | Reached skill level 8 in Dodging
  9532 | D:9      | Reached XP level 11. HP: 48/85 MP: 0/0
  9532 | D:9      | Learned a level 4 spell: Animate Armour
  9665 | D:9      | Reached skill level 9 in Dodging
  9865 | D:9      | Reached ***** piety under Cheibriados
 10118 | D:9      | Found a staircase to the Lair.
 10125 | D:9      | Reached skill level 10 in Dodging
 10185 | D:9      | Reached skill level 1 in Invocations
 10437 | D:10     | Entered Level 10 of the Dungeon
 10503 | D:10     | Reached skill level 2 in Invocations
 10597 | D:10     | Found a flagged portal.
 10602 | Bailey   | Entered a bailey
 10721 | Bailey   | Reached skill level 3 in Invocations
 10873 | Bailey   | Noticed an orc knight
 10882 | Bailey   | Killed an orc knight
 10883 | Bailey   | Reached skill level 4 in Invocations
 10924 | Bailey   | Found a large runed translucent door.
 10924 | Bailey   | Found a large runed translucent door.
 10925 | Bailey   | Noticed a deep elf zephyrmancer
 11020 | Bailey   | Killed a deep elf zephyrmancer
 11021 | Bailey   | Reached skill level 5 in Invocations
 11521 | D:10     | Found a bloodstained altar of Trog.
 11585 | D:10     | Found Uwiuc's Assorted Antiques.
 11981 | D:11     | Noticed a manticore
 11989 | D:11     | Killed a manticore
 11989 | D:11     | Noticed a boulder beetle
 11990 | D:11     | Reached skill level 6 in Invocations
 12239 | D:11     | Reached skill level 7 in Invocations
 12245 | D:10     | HP: 4/85 [boulder beetle (11)]
 12580 | D:10     | Killed a boulder beetle
 12581 | D:10     | Reached XP level 12. HP: 79/91 MP: 0/0
 12712 | D:11     | Reached skill level 8 in Invocations
 12724 | D:11     | HP: 22/91 [yak (2)]
 13283 | D:11     | Reached skill level 9 in Invocations
 13311 | D:11     | Noticed Grum
 13314 | D:11     | Killed Grum
 13410 | D:12     | Noticed a rakshasa
 13413 | D:12     | Killed a rakshasa
 13432 | D:12     | Noticed a boulder beetle
 13440 | D:12     | Killed a boulder beetle
 13441 | D:12     | Reached skill level 10 in Invocations
 13441 | D:12     | Reached skill level 1 in Staves
 13494 | D:11     | Upgraded the game from 0.31-a0-543-geaa9c7a2c0 to
                  | 0.31-a0-549-gf98fd537a9
 13543 | D:12     | Noticed a boulder beetle
 13594 | D:12     | HP: 15/91 [electric eel/bolt of electricity (14)]
 13802 | D:12     | Reached skill level 2 in Staves
 14099 | Lair:1   | Entered Level 1 of the Lair of Beasts
 14101 | Lair:1   | Noticed a catoblepas
 14133 | Lair:1   | Reached skill level 3 in Staves
 14134 | Lair:1   | Killed a catoblepas
 14134 | Lair:1   | Reached ****** piety under Cheibriados
 14294 | Lair:1   | Reached skill level 4 in Staves
 14306 | Lair:1   | Reached skill level 9 in Spellcasting
 14306 | Lair:1   | Reached skill level 9 in Conjurations
 14306 | Lair:1   | Reached skill level 9 in Hexes
 14306 | Lair:1   | Reached skill level 9 in Summonings
 14306 | Lair:1   | Reached skill level 9 in Necromancy
 14306 | Lair:1   | Reached skill level 9 in Translocations
 14306 | Lair:1   | Reached skill level 9 in Transmutations
 14306 | Lair:1   | Reached skill level 9 in Fire Magic
 14306 | Lair:1   | Reached skill level 9 in Ice Magic
 14306 | Lair:1   | Reached skill level 9 in Air Magic
 14306 | Lair:1   | Reached skill level 9 in Earth Magic
 14306 | Lair:1   | Reached skill level 9 in Poison Magic
 14321 | Lair:1   | Reached XP level 13. HP: 37/96 MP: 0/0
 14321 | Lair:1   | Learned a level 5 spell: Irradiate
 14434 | Lair:1   | Reached skill level 5 in Staves
 14825 | Lair:1   | Noticed a fire dragon
 14839 | Lair:1   | HP: 11/96 [fire dragon/blast of flame (18)]
 14840 | Lair:1   | Killed a fire dragon
 15294 | Lair:2   | Reached skill level 6 in Staves
 15665 | Lair:2   | Reached skill level 10 in Spellcasting
 15665 | Lair:2   | Reached skill level 10 in Conjurations
 15665 | Lair:2   | Reached skill level 10 in Hexes
 15665 | Lair:2   | Reached skill level 10 in Summonings
 15665 | Lair:2   | Reached skill level 10 in Necromancy
 15665 | Lair:2   | Reached skill level 10 in Translocations
 15665 | Lair:2   | Reached skill level 10 in Transmutations
 15665 | Lair:2   | Reached skill level 10 in Fire Magic
 15665 | Lair:2   | Reached skill level 10 in Ice Magic
 15665 | Lair:2   | Reached skill level 10 in Air Magic
 15665 | Lair:2   | Reached skill level 10 in Earth Magic
 15665 | Lair:2   | Reached skill level 10 in Poison Magic
 15742 | Lair:2   | Noticed Harold
 16041 | Lair:2   | Reached skill level 7 in Staves
 16415 | Lair:2   | Found a staircase to the Snake Pit.
 16845 | Lair:2   | HP: 12/96 [spore (39)]
 16848 | Lair:2   | Killed Harold
 17464 | Lair:3   | Noticed an eight-headed hydra
 17472 | Lair:3   | Killed an eight-headed hydra
 17705 | Lair:3   | Reached skill level 8 in Staves
 17881 | Lair:3   | Noticed an eight-headed hydra
 17890 | Lair:3   | Killed an eight-headed hydra
 17997 | Lair:3   | Reached XP level 14. HP: 43/103 MP: 0/0
 19037 | Lair:3   | Reached skill level 9 in Staves
 19037 | Lair:3   | Reached skill level 11 in Spellcasting
 19037 | Lair:3   | Reached skill level 11 in Conjurations
 19037 | Lair:3   | Reached skill level 11 in Hexes
 19037 | Lair:3   | Reached skill level 11 in Summonings
 19037 | Lair:3   | Reached skill level 11 in Necromancy
 19037 | Lair:3   | Reached skill level 11 in Translocations
 19037 | Lair:3   | Reached skill level 11 in Transmutations
 19037 | Lair:3   | Reached skill level 11 in Fire Magic
 19037 | Lair:3   | Reached skill level 11 in Ice Magic
 19037 | Lair:3   | Reached skill level 11 in Air Magic
 19037 | Lair:3   | Reached skill level 11 in Earth Magic
 19037 | Lair:3   | Reached skill level 11 in Poison Magic
 19629 | Lair:3   | Found a staircase to the Swamp.
 19719 | Lair:3   | Noticed Kirke
 19760 | Lair:3   | HP: 24/103 [something (4)]
 19766 | Lair:3   | HP: 3/103 [lindwurm/blast of flame[Kirke] (20)]
 20158 | Lair:3   | Noticed a sphinx
 20160 | Lair:3   | Killed Kirke
 20566 | Lair:4   | Noticed Josephine
 20571 | Lair:4   | Killed Josephine
 20882 | Lair:4   | Reached skill level 10 in Staves
 20998 | D:10     | Bought a pitted scale mail for 306 gold pieces
 20998 | D:10     | Identified the +3 scale mail of the Mordant God {Int+6
                  | Dex-2} (You bought it in a shop on level 10 of the Dungeon)
 20998 | D:10     | Bought a smelly ring mail for 306 gold pieces
 20998 | D:10     | Identified the +1 ring mail of Gyehihiu {Will++ Regen+
                  | Str+3 Int-4} (You bought it in a shop on level 10 of the
                  | Dungeon)
 20998 | D:10     | Bought a sapphire potion for 30 gold pieces
 21456 | Lair:4   | Found a blossoming altar of Fedhas.
 21824 | Lair:5   | Entered Level 5 of the Lair of Beasts
 21828 | Lair:5   | Found a gate leading to a gauntlet.
 21841 | Gauntlet | Entered a Gauntlet
 21841 | Gauntlet | Found a transporter.
 21841 | Gauntlet | Found a transporter.
 21853 | Gauntlet | Found a transporter.
 21865 | Gauntlet | Found a transporter.
 21869 | Gauntlet | Found a runed translucent door.
 21871 | Gauntlet | Found a runed translucent door.
 21873 | Gauntlet | Found a transporter.
 21877 | Gauntlet | Found a transporter.
 21886 | Gauntlet | Found a transporter.
 21906 | Gauntlet | Found a transporter.
 21921 | Gauntlet | Found a transporter.
 21933 | Gauntlet | Found a transporter.
 21941 | Gauntlet | Found a transporter.
 21945 | Gauntlet | Found a transporter.
 22006 | Gauntlet | Reached skill level 11 in Fighting
 22127 | Gauntlet | Identified the ring "Ahailaib" {Fly rC+ Str+2 SInv}
 22146 | Gauntlet | Noticed a minotaur
 22153 | Gauntlet | Killed a minotaur
 22772 | Lair:5   | Reached XP level 15. HP: 112/112 MP: 0/0
 22772 | Lair:5   | Learned a level 6 spell: Simulacrum
 22815 | Lair:5   | Reached skill level 11 in Staves
 22822 | Lair:5   | Reached skill level 12 in Fighting
 23060 | Lair:5   | Noticed Sonja
 23079 | Lair:5   | Killed Sonja
 23291 | Lair:5   | Found a runed translucent door.
 23292 | Lair:5   | Found a staircase to the Slime Pits.
 23843 | D:12     | Reached skill level 12 in Staves
 23872 | D:12     | Found a staircase to the Orcish Mines.
 23915 | D:12     | Reached skill level 13 in Fighting
 24165 | D:12     | Found Oteerph's Magic Scroll Shop.
 24171 | D:12     | Bought a scroll of blinking for 135 gold pieces
 24283 | Orc:1    | Entered Level 1 of the Orcish Mines
 24361 | Orc:2    | Entered Level 2 of the Orcish Mines
 24463 | Orc:2    | Found Tymiecu's Assorted Antiques.
 24478 | Orc:1    | Gained mutation: You sometimes lose your temper in combat.
                  | [mutagenic glow]
 24720 | D:12     | Bought a scroll of identify for 36 gold pieces
 24928 | D:2      | Bought a scroll of identify for 46 gold pieces
 24928 | D:2      | Bought a scroll of identify for 46 gold pieces
 24931 | D:2      | Lost mutation: You sometimes lose your temper in combat.
                  | [potion of mutation]
 24931 | D:2      | Gained mutation: You are partially covered in large bone
                  | plates. (SH +4) [potion of mutation]
 25190 | Orc:2    | Bought a scroll of identify for 58 gold pieces
 25396 | Orc:1    | Reached skill level 14 in Fighting
 25670 | Orc:2    | Found a staircase to the Elven Halls.
 25894 | Orc:1    | Upgraded the game from 0.31-a0-549-gf98fd537a9 to
                  | 0.31-a0-559-g03b8d61ab2
 26577 | Orc:2    | Found Qecyovew's Distillery.
 26577 | Orc:2    | Found Xynetah's Assorted Antiques.
 26578 | Orc:2    | Found Puhi's Weapon Shoppe.
 26582 | Orc:2    | Found Qistipuj's Book Emporium.
 26586 | Orc:2    | Bought a scroll of identify for 68 gold pieces
 27207 | D:13     | Found a gate to the Vaults.
 27552 | D:13     | Reached XP level 16. HP: 99/124 MP: 0/0
 27615 | D:13     | Found Orrur's Antique Weapon Boutique.
 27616 | D:13     | Found Osusoetu's Antique Weapon Shop.
 27623 | D:13     | Found Paenla's Assorted Antiques.
 27623 | D:13     | Found Riahafit's Distillery.
 27682 | D:13     | Bought 3 scrolls of enchant armour for 562 gold pieces
 28004 | D:13     | Bought a jewelled dagger for 161 gold pieces
 28004 | D:13     | Identified the +2 dagger "Besiqoawn" {elec, rF- Int+6
                  | Dex+4} (You bought it in a shop on level 13 of the Dungeon)
 28004 | D:13     | Bought an iridescent short sword for 184 gold pieces
 28004 | D:13     | Identified the +11 short sword of Veahaf {heavy, rCorr}
                  | (You bought it in a shop on level 13 of the Dungeon)
 28004 | D:13     | Bought a shimmering sling for 149 gold pieces
 28004 | D:13     | Identified the +3 sling of Pestilence {heavy, Str+8 Int-5
                  | Dex-5} (You bought it in a shop on level 13 of the Dungeon)
 28019 | D:13     | Bought a jewelled broad axe for 297 gold pieces
 28019 | D:13     | Identified the +8 broad axe of Qobo {pain, rElec Will+
                  | Str+5 Dex-4} (You bought it in a shop on level 13 of the
                  | Dungeon)
 28259 | D:2      | Bought a warped quarterstaff for 207 gold pieces
 28259 | D:2      | Identified the +5 quarterstaff of Ekeuk {freeze, *Noise
                  | rElec Will+ Str+5} (You bought it in a shop on level 2 of
                  | the Dungeon)
 28617 | Swamp:1  | Entered Level 1 of the Swamp
 28640 | Swamp:1  | HP: 21/124 [goliath frog (20)]
 28737 | Swamp:1  | Reached skill level 15 in Fighting
 28758 | Swamp:1  | You are sucked into a shaft and drop 1 floor!
 28881 | Swamp:2  | HP: 31/126 [alligator (7)]
 29242 | Swamp:1  | HP: 29/127 [five-headed hydra (4)]
 29777 | Swamp:2  | Reached skill level 16 in Fighting
 29826 | Swamp:2  | Reached skill level 1 in Armour
 29826 | Swamp:2  | Reached skill level 1 in Evocations
 30090 | Swamp:2  | Noticed Louise
 30104 | Swamp:2  | Killed Louise
 30105 | Swamp:2  | Reached skill level 2 in Armour
 30105 | Swamp:2  | Reached skill level 2 in Evocations
 30526 | Swamp:3  | Reached skill level 1 in Shields
 30609 | Swamp:3  | Reached skill level 2 in Shields
 30657 | Swamp:3  | Reached skill level 3 in Shields
 30658 | Swamp:3  | HP: 10/128 [alligator[a spriggan druid] (33)]
 30660 | Swamp:3  | HP: 3/128 [seven-headed hydra (20)]
 30661 | Swamp:3  | Demolished by a spriggan rider

Illustrated notes

Levels and vault maps discovered:
D:1:      sevenhm_arrival_forest_fort_large_4, layout_basic
D:2:      layout_basic, serial_shops, shop, dreamdust_ecumenical_altar_statues
D:3:      layout_basic, st_stairs_13, chequers_serial_rivers_small_3,
          roderic_roman_lattice, grunt_ministairs_10, dk_noncrumbling_3
D:4:      layout_cave_pools, nicolae_overflow_crystal_walls,
          mainiacjoe_overflow_alcove_2, nicolae_dithmenos_the_darkroom,
          minmay_temple_entry_antechambers, serial_bayou_pond_a,
          palyth_stone_intersect, uniq_edmund
D:5:      minmay_polygon_palace, layout_loops_ring, uniq_ijyb,
          uniq_blork_the_orc
D:6:      layout_cave_pools, uniq_maggie
D:7:      layout_basic, uniq_menkaure
D:8:      old_forge, layout_basic, mainiacjoe_overflow_alcove_3, serial_shops,
          kennysheep_mini_moat, minmay_misc_feat_doors, minmay_misc_feat_alley
D:9:      layout_roguey, grunt_lair_entry_orc_guard_hut, kennysheep_nondescript,
          uniq_amaemon
D:10:     layout_basic, mainiacjoe_overflow_brackets, serial_shops,
          nicolae_shop_real_fake_doors, enter_bailey_4, wad_floor_pattern_1
D:11:     layout_rooms, uniq_grum
D:12:     layout_roguey [special_room_orc], hiddenorc2_lemuel, serial_shops,
          nicolae_shop_crystal, nicolae_fort_ynox
D:13:     layout_basic, hellmonk_vaults_attempted_burglary,
          serial_co_window_serial, co_window_of_opportunity_a,
          co_window_corner_a, co_window_of_opportunity_a, co_window_paths_b,
          co_window_corner_a, co_window_of_opportunity_c, co_window_corner_ca,
          co_window_of_opportunity_b, co_window_4corner_b, glass_columns_a,
          glass_columns_a, glass_columns_a, glass_columns_b,
          nicolae_shop_national_dungeon_mall
Temple:   nicolae_temple_bog_church
Lair:1:   dragon1_lemuel, layout_misc_corridors
Lair:2:   layout_hall_layers, minmay_snake_entry_guardpost_medium,
          guppyfry_lair_drakes, uniq_harold
Lair:3:   layout_regular_city, nicolae_swamp_entry_spooky,
          eino_house_with_fridge, grunt_megastairs_5, uniq_kirke
Lair:4:   layout_concentric_octagons, basic_altar, lemuel_fruit_fields,
          serial_bayou_shore_a, uniq_josephine
Lair:5:   grunt_lair_end_beastmaster, layout_regular_city, slime_entry_2,
          gauntlet_entry_generic, uniq_sonja
Swamp:1:  layout_basic_swamp, hangedman_swamp_ruin_hall, swamp_pool1,
          infiniplex_staircase_pool
Swamp:2:  layout_basic_swamp, nicolae_swamp_big_swirl, swamp_pool5,
          nicolae_swamp_rocky_clearing, uniq_louise
Swamp:3:  layout_basic_swamp, nicolae_swamp_stair_fork, uniq_mara
Orc:1:    layout_diamond_mine, basic_altar
Orc:2:    st_orc_mages, layout_caves, serial_shops, shop,
          nicolae_orc_stony_grotto, minmay_orc_keep

Skill      XL: |  1  2  3  4  5  6  7  8  9 10 11 12 13 14 15 16 |
---------------+-------------------------------------------------+-----
Fighting       | 1 2 3 4 5 7 10 11 14 16 | 16.0
Spellcasting   | 4 5 6 7 8 9 10 11 | 11.1
Conjurations   | 4 5 6 7 8 9 10 11 | 11.1
Hexes          | 4 5 6 7 8 9 10 11 | 11.1
Summonings     | 4 5 6 7 8 9 10 11 | 11.1
Necromancy     | 4 5 6 7 8 9 10 11 | 11.1
Translocations | 4 5 6 7 8 9 10 11 | 11.1
Transmutations | 4 5 6 7 8 9 10 11 | 11.1
Fire Magic     | 4 5 6 7 8 9 10 11 | 11.1
Ice Magic      | 4 5 6 7 8 9 10 11 | 11.1
Air Magic      | 4 5 6 7 8 9 10 11 | 11.1
Earth Magic    | 4 5 6 7 8 9 10 11 | 11.1
Poison Magic   | 4 5 6 7 8 9 10 11 | 11.1
Dodging        | 4 8 10 | 10.0
Invocations    | 7 10 | 10.0
Staves         | 4 8 10 12 | 12.0
Armour         | 2 |  2.5
Evocations     | 2 |  2.5
Shields        | 3 |  3.1
Stealth        | |  1.5

Action                     |  1- 3 |  4- 6 |  7- 9 | 10-12 | 13-15 | 16-18 || total
---------------------------+-------+-------+-------+-------+-------+-------++-------
  Melee: Staff             |       |       |     8 |    96 |  1245 |   161 ||  1510
         Punch             |       |       |     1 |       |       |       ||     1
         Unarmed           |       |       |       |       |     7 |       ||     7
   Cast: Magic Dart        |    51 |    87 |    85 |   245 |   389 |    66 ||   923
         Searing Ray       |     1 |     8 |    43 |    55 |    45 |    15 ||   167
         Iskenderun's Myst |       |       |    22 |    74 |   112 |    22 ||   230
         Call Canine Famil |       |       |       |    22 |     1 |     2 ||    25
         Fulminant Prism   |       |       |       |    29 |    16 |       ||    45
         Animate Armour    |       |       |       |    19 |     9 |     2 ||    30
         Mephitic Cloud    |       |       |       |     4 |     1 |     1 ||     6
         Irradiate         |       |       |       |       |    48 |    26 ||    74
         Simulacrum        |       |       |       |       |    33 |     2 ||    35
         Slow              |       |       |       |       |       |     1 ||     1
 Invoke: Bend Time         |       |       |     1 |       |       |     1 ||     2
         Slouch            |       |       |       |     2 |     4 |       ||     6
  Evoke: Wand              |       |       |       |     7 |       |       ||     7
    Use: Potion            |       |       |     2 |       |     2 |     2 ||     6
         Scroll            |       |       |       |    18 |    17 |     2 ||    37
   Stab: Sleeping          |       |       |       |       |     2 |     1 ||     3
         Confused          |       |       |       |       |     1 |     1 ||     2
         Distracted        |       |       |       |       |     1 |       ||     1
 Armour: Robe              |       |     4 |     8 |     9 |       |       ||    21
         Skin              |       |       |     2 |       |       |       ||     2
         Steam dragon scal |       |       |       |    11 |       |       ||    11
         Ring mail         |       |       |       |    14 |   224 |    66 ||   304
         Troll leather arm |       |       |       |    10 |     3 |       ||    13
  Dodge: Dodged            |     4 |     7 |    52 |   274 |   904 |   205 ||  1446
  Block: Orb               |       |       |       |       |    27 |    32 ||    59
         Tower shield      |       |       |       |       |       |    36 ||    36

Table legend: (Time is in decaauts)
 A = Elapsed time spent in this place.
 B = Non-inter-level travel time spent in this place.
 C = Inter-level travel time spent in this place.
 D = Time resting spent in this place.
 E = Time spent auto-exploring this place.
 F = Levels seen in this place.
 G = Mean time per level.
                   A        B        C        D        E       F      G
               +--------+--------+--------+--------+--------+-----+--------+
         Total |  43708 |  37221 |   6487 |    489 |  29524 |  26 | 1681.1 |
       Dungeon |  22782 |  18180 |   4602 |    133 |  15129 |  13 | 1752.5 |
        Temple |     76 |     62 |     14 |      0 |      2 |   1 |   76.0 |
          Lair |  13751 |  12335 |   1416 |     71 |  10596 |   5 | 2750.2 |
         Swamp |   2698 |   2460 |    238 |    153 |   1721 |   3 |  899.3 |
  Orcish Mines |   3042 |   2827 |    215 |    100 |   1320 |   2 | 1521.0 |
        Bailey |    716 |    716 |      0 |      0 |    399 |   1 |  716.0 |
      Gauntlet |    641 |    641 |      0 |     32 |    357 |   1 |  641.0 |
               +--------+--------+--------+--------+--------+-----+--------+

Top non-repeatable levels by time:
  Lair:3: 4317 daAuts
     D:8: 3387 daAuts
  Lair:2: 3055 daAuts
    D:10: 2408 daAuts
     D:7: 2338 daAuts
  Lair:1: 2261 daAuts
    D:13: 2251 daAuts
     D:5: 2238 daAuts
  Lair:5: 2119 daAuts
  Lair:4: 1995 daAuts
   Orc:2: 1973 daAuts
    D:12: 1809 daAuts
     D:9: 1678 daAuts
 Swamp:2: 1632 daAuts
    D:11: 1546 daAuts

Levels and vault maps discovered:
D:1:      sevenhm_arrival_forest_fort_large_4, layout_basic
D:2:      layout_basic, serial_shops, shop, dreamdust_ecumenical_altar_statues
D:3:      layout_basic, st_stairs_13, chequers_serial_rivers_small_3,
          roderic_roman_lattice, grunt_ministairs_10, dk_noncrumbling_3
D:4:      layout_cave_pools, nicolae_overflow_crystal_walls,
          mainiacjoe_overflow_alcove_2, nicolae_dithmenos_the_darkroom,
          minmay_temple_entry_antechambers, serial_bayou_pond_a,
          palyth_stone_intersect, uniq_edmund
D:5:      minmay_polygon_palace, layout_loops_ring, uniq_ijyb,
          uniq_blork_the_orc
D:6:      layout_cave_pools, uniq_maggie
D:7:      layout_basic, uniq_menkaure
D:8:      old_forge, layout_basic, mainiacjoe_overflow_alcove_3, serial_shops,
          kennysheep_mini_moat, minmay_misc_feat_doors, minmay_misc_feat_alley
D:9:      layout_roguey, grunt_lair_entry_orc_guard_hut, kennysheep_nondescript,
          uniq_amaemon
D:10:     layout_basic, mainiacjoe_overflow_brackets, serial_shops,
          nicolae_shop_real_fake_doors, enter_bailey_4, wad_floor_pattern_1
D:11:     layout_rooms, uniq_grum
D:12:     layout_roguey [special_room_orc], hiddenorc2_lemuel, serial_shops,
          nicolae_shop_crystal, nicolae_fort_ynox
D:13:     layout_basic, hellmonk_vaults_attempted_burglary,
          serial_co_window_serial, co_window_of_opportunity_a,
          co_window_corner_a, co_window_of_opportunity_a, co_window_paths_b,
          co_window_corner_a, co_window_of_opportunity_c, co_window_corner_ca,
          co_window_of_opportunity_b, co_window_4corner_b, glass_columns_a,
          glass_columns_a, glass_columns_a, glass_columns_b,
          nicolae_shop_national_dungeon_mall
Temple:   nicolae_temple_bog_church
Lair:1:   dragon1_lemuel, layout_misc_corridors
Lair:2:   layout_hall_layers, minmay_snake_entry_guardpost_medium,
          guppyfry_lair_drakes, uniq_harold
Lair:3:   layout_regular_city, nicolae_swamp_entry_spooky,
          eino_house_with_fridge, grunt_megastairs_5, uniq_kirke
Lair:4:   layout_concentric_octagons, basic_altar, lemuel_fruit_fields,
          serial_bayou_shore_a, uniq_josephine
Lair:5:   grunt_lair_end_beastmaster, layout_regular_city, slime_entry_2,
          gauntlet_entry_generic, uniq_sonja
Swamp:1:  layout_basic_swamp, hangedman_swamp_ruin_hall, swamp_pool1,
          infiniplex_staircase_pool
Swamp:2:  layout_basic_swamp, nicolae_swamp_big_swirl, swamp_pool5,
          nicolae_swamp_rocky_clearing, uniq_louise
Swamp:3:  layout_basic_swamp, nicolae_swamp_stair_fork, uniq_mara
Orc:1:    layout_diamond_mine, basic_altar
Orc:2:    st_orc_mages, layout_caves, serial_shops, shop,
          nicolae_orc_stony_grotto, minmay_orc_keep

Table legend: (Time is in decaauts)
 A = Elapsed time spent in this place.
 B = Non-inter-level travel time spent in this place.
 C = Inter-level travel time spent in this place.
 D = Time resting spent in this place.
 E = Time spent auto-exploring this place.
 F = Levels seen in this place.
 G = Mean time per level.
                   A        B        C        D        E       F      G
               +--------+--------+--------+--------+--------+-----+--------+
         Total |  43708 |  37221 |   6487 |    489 |  29524 |  26 | 1681.1 |
       Dungeon |  22782 |  18180 |   4602 |    133 |  15129 |  13 | 1752.5 |
        Temple |     76 |     62 |     14 |      0 |      2 |   1 |   76.0 |
          Lair |  13751 |  12335 |   1416 |     71 |  10596 |   5 | 2750.2 |
         Swamp |   2698 |   2460 |    238 |    153 |   1721 |   3 |  899.3 |
  Orcish Mines |   3042 |   2827 |    215 |    100 |   1320 |   2 | 1521.0 |
        Bailey |    716 |    716 |      0 |      0 |    399 |   1 |  716.0 |
      Gauntlet |    641 |    641 |      0 |     32 |    357 |   1 |  641.0 |
               +--------+--------+--------+--------+--------+-----+--------+

Top non-repeatable levels by time:
  Lair:3: 4317 daAuts
     D:8: 3387 daAuts
  Lair:2: 3055 daAuts
    D:10: 2408 daAuts
     D:7: 2338 daAuts
  Lair:1: 2261 daAuts
    D:13: 2251 daAuts
     D:5: 2238 daAuts
  Lair:5: 2119 daAuts
  Lair:4: 1995 daAuts
   Orc:2: 1973 daAuts
    D:12: 1809 daAuts
     D:9: 1678 daAuts
 Swamp:2: 1632 daAuts
    D:11: 1546 daAuts

Table legend:
 A = Kills in this place as a percentage of kills in the entire game.
 B = Kills by you in this place as a percentage of kills by you in the entire game.
 C = Kills by friends in this place as a percentage of kills by friends in the entire game.
 D = Other kills in this place as a percentage of other kills in the entire game.
 E = Experience gained in this place as a percentage of experience gained in the entire game.
 F = Experience gained in this place divided by the number of levels of this place that you have seen.
                   A       B       C       D       E      F
               +-------+-------+-------+-------+-------+----------------------
         Total | 100.0 | 100.0 | 100.0 | 100.0 | 100.0 | 5077.7
       Dungeon |  49.0 |  49.1 |  48.6 |  33.3 |  24.4 | 2476.6
          Lair |  27.1 |  27.2 |  25.7 |  33.3 |  45.9 | 12120.4
         Swamp |   5.0 |   5.5 |   0.0 |   0.0 |  16.8 | 7379.0
  Orcish Mines |  15.0 |  14.4 |  20.0 |  33.3 |   9.1 | 5993.5
        Bailey |   2.2 |   1.8 |   5.7 |   0.0 |   1.5 | 2029.0
      Gauntlet |   1.8 |   1.9 |   0.0 |   0.0 |   2.3 | 3068.0
               +-------+-------+-------+-------+-------+----------------------
